 Dungeon Crawl Stone Soup version 0.28-a0-649-g2b6bb2fd11 (webtiles) character file.

Game seed: 1576066314746339899

88 Drevant2 the Sneak (level 4, -8/21 HPs)
             Began as a Vine Stalker Enchanter on Oct 11, 2021.
             Mangled by a gnoll (10 damage)
             ... on level 1 of the Dungeon.
             The game lasted 00:06:50 (2063 turns).

Drevant2 the Sneak (Vine Stalker Enchanter)         Turns: 2063, Time: 00:06:51

Health: -8/21      AC:  3    Str: 10    XL:     4   Next: 54%
Magic:  0/9        EV: 12    Int: 15    God:
Gold:   23         SH:  0    Dex: 16    Spells: 4/9 levels left

rFire   . . .      SeeInvis .   a - +1 dagger
rCold   . . .      Faith    .   (no shield)
rNeg    . . .      Spirit   +   b - +0 robe
rPois   .          Reflect  .   (no helmet)
rElec   .          Harm     .   (no cloak)
rCorr   .          Rampage  .   (no gloves)
Will    .....                   g - +0 pair of boots
Stlth   +++.......              (no amulet)
HPRegen 1.07/turn               (no ring)
MPRegen 0.11/turn               (no ring)

@: invisible
A: fangs 2, regeneration 1, magic shield, antimagic bite, no potion heal 2
a: no special abilities


You were on level 1 of the Dungeon.
You visited 1 branch of the dungeon, and saw 2 of its levels.

You collected 23 gold pieces.

Inventory:

Hand Weapons
 a - a +1 dagger (weapon)
Missiles
 r - a throwing net (quivered)
Armour
 b - a +0 robe (worn)
 e - a +0 ring mail of fire resistance
 g - a +0 pair of boots (worn)
Jewellery
 p - a ring of ice
Scrolls
 f - 6 scrolls of identify {unknown}
 j - a scroll of holy word {unknown}
 l - 3 scrolls of vulnerability {unknown}
 o - a scroll of fog {unknown}
 q - a scroll of teleportation {unknown}
Potions
 d - a potion of attraction {unknown}
 h - a potion of curing {unknown}
 i - a potion of resistance {unknown}
 k - a potion of haste {unknown}
 m - a potion of berserk rage {unknown}
 n - a potion of magic {unknown}


   Skills:
 - Level 0.8 Short Blades
 - Level 1.5 Dodging
 + Level 4.5 Stealth
 + Level 3.0 Spellcasting
 * Level 4.2 Hexes


You had 4 spell levels left.
You knew the following spells:

 Your Spells              Type           Power      Damage    Failure   Level
a - Ensorcelled Hibernat  Hex/Ice        16%        N/A       13%         2
b - Tukima's Dance        Hex            15%        N/A       11%         3

Your spell library contained the following spells:

 Spells                   Type           Power      Damage    Failure   Level
 Confusing Touch          Hex            15%        N/A       11%         3
 Dazzling Flash           Conj/Hex       16%        N/A       26%         3


Dungeon Overview and Level Annotations

Branches:
Dungeon (2/15)

Altars:
Sif Muna


Innate Abilities, Weirdness & Mutations

You have extremely sharp teeth.
Your natural rate of healing is unusually fast.
When hurt, damage is shared between your health and your magic reserves.
Your bite disrupts and absorbs the magic of your enemies.
Potions cannot restore your health.


Message History

Press: ? - help, Shift-Dir - straight line, f - gnoll, p - gnoll
Aim: a gnoll, wielding a +0 club (chance to affect: 49%)
The gnoll is unaffected.
The gnoll barely misses you.
There is a stone staircase leading up here.
The gnoll hits you but does no damage.
You climb upwards.
There is a stone staircase leading down, spattered with blood here.
You completely miss the gnoll. You bite the gnoll. You drain its power.
You feel invigorated.
The gnoll is moderately wounded.
The gnoll barely misses you.
You hit the gnoll. You bite the gnoll. You drain its power.
You feel invigorated.
The gnoll is severely wounded.
The gnoll closely misses you.
You barely miss the gnoll. Your bite misses the gnoll.
The gnoll is severely wounded.
The gnoll hits you with a +0 flail!
You closely miss the gnoll.
The gnoll is severely wounded.
The gnoll misses you.
You hit the gnoll but do no damage.
The gnoll is severely wounded.
The gnoll closely misses you.
You hit the gnoll. You bite the gnoll, but do no damage.
The gnoll is almost dead.
The gnoll hits you with a +0 flail.
You closely miss the gnoll. You bite the gnoll, but do no damage.
The gnoll is almost dead.
The gnoll hits you with a +0 flail.
You barely miss the gnoll. Your bite misses the gnoll.
The gnoll is almost dead.
The gnoll hits you with a +0 flail!
* * * LOW HITPOINT WARNING * * *
Casting: Ensorcelled Hibernation (safe; 13% risk of failure)
Confirm with . or Enter, or press ? or * to list all spells.
You don't know that spell.
You fade into invisibility!
The gnoll hits you with a +0 flail!
You die...

#.###...###....###......... #.#
###.# ###.............. #.##
#.# ###.....†...... #..# #.###
##........... ##.#
#...######..#........ #.#
###..................
####.####...[.....##.#.....##
#..........).g.......#.....##
#######.##....@........#.......
#.......###>..............##...
#.......###....................
#......†.##....................
#..............................
#......#.##.(........#.........
#......#.########.......(......
#####.##.# ##.#..#.........
#......## ##...........(...


You could see a gnoll.

Vanquished Creatures
  Jessica (D:2)
  2 gnolls (D:1)
  5 dart slugs
  An endoplasm (D:1)
  A giant cockroach (D:1)
  5 goblins
  4 hobgoblins
  A kobold (D:1)
  2 quokkas
  2 ball pythons (D:1)
  4 bats (D:1)
  2 frilled lizards (D:1)
  4 rats
34 creatures vanquished.

Notes
Turn   | Place    | Note
-------+----------+-------------------------------------------
     0 | D:1      | Drevant2 the Vine Stalker Enchanter began the quest for the
                  | Orb.
     0 | D:1      | Reached XP level 1. HP: 9/9 MP: 4/4
   386 | D:1      | Reached XP level 2. HP: 10/13 MP: 3/6
   492 | D:1      | Learned a level 2 spell: Ensorcelled Hibernation
   872 | D:2      | Reached XP level 3. HP: 16/16 MP: 7/7
  1046 | D:2      | Found a shimmering blue altar of Sif Muna.
  1348 | D:2      | Noticed Jessica
  1354 | D:2      | Killed Jessica
  1359 | D:2      | Learned a level 3 spell: Tukima's Dance
  1475 | D:1      | Gained mutation: Your natural rate of healing is unusually
                  | fast. [Vine Stalker growth]
  1475 | D:1      | Reached XP level 4. HP: 7/21 MP: 4/9
  2062 | D:1      | HP: 1/21 [gnoll (8)]
  2063 | D:1      | Mangled by a gnoll

Illustrated notes

Levels and vault maps discovered:
D:1:      wander_arrival_abandoned_jail, layout_rooms
D:2:      layout_basic, basic_altar, uniq_jessica

Skill      XL: |  1  2  3  4 |
---------------+-------------+-----
Stealth        | 4 |  4.5
Hexes          | 4 |  4.2
Spellcasting   | 3 |  3.0
Short Blades   | |  0.8
Dodging        | |  1.5

Action                   |  1- 3 |  4- 6 || total
-------------------------+-------+-------++-------
Melee: Dagger            |    68 |    33 ||   101
       Bite              |    19 |     9 ||    28
Throw: Throwing net      |       |     1 ||     1
 Cast: Ensorcelled Hiber |     5 |     7 ||    12
  Use: Potion            |       |     1 ||     1
 Stab: Sleeping          |     9 |     4 ||    13
Armor: Robe              |    26 |     4 ||    30
Dodge: Dodged            |    53 |    15 ||    68

Table legend: (Time is in decaauts)
 A = Elapsed time spent in this place.
 B = Non-inter-level travel time spent in this place.
 C = Inter-level travel time spent in this place.
 D = Time resting spent in this place.
 E = Time spent auto-exploring this place.
 F = Levels seen in this place.
 G = Mean time per level.
                   A        B        C        D        E       F      G
               +--------+--------+--------+--------+--------+-----+--------+
         Total |   2060 |   1956 |    104 |    688 |    704 |   2 | 1030.0 |
       Dungeon |   2060 |   1956 |    104 |    688 |    704 |   2 | 1030.0 |
               +--------+--------+--------+--------+--------+-----+--------+

Top non-repeatable levels by time:
     D:1: 1300 daAuts
     D:2: 760 daAuts
